 Dungeon Crawl Stone Soup version 0.17.0-26-gececa24 (console) character file.

197894 Kramin the Warrior (level 18, -1/180 HPs)
             Began as a Centaur Chaos Knight on Nov 18, 2015.
             Slain by a white ugly thing (25 damage)
             ... on level 3 of the Abyss on Nov 19, 2015.
             The game lasted 03:16:51 (44309 turns).

Kramin the Warrior (Centaur Chaos Knight)          Turns: 44309, Time: 03:17:21

Health: -1/180     AC:  9    Str: 27      XL:     18   Next: 19%
Magic:  13/15      EV:  9    Int:  6 (9)  God:    Xom [*.....]
Gold:   5378       SH:  0    Dex: 15      Spells: 5 memorised, 5 levels left

rFire  . . .     SeeInvis +     (weapon currently unavailable)
rCold  . . .     Clarity  +     (armour currently unavailable)
rNeg   . . .     SustAt   .     (shield currently unavailable)
rPois  +         Gourm    .     (helmet currently unavailable)
rElec  .         Spirit   .     (cloak currently unavailable)
rCorr  .         Warding  .     (gloves currently unavailable)
rMut   .         Rnd*Tele +     (no barding)
MR     ++...                    J - amulet "Odalooli" {rPois Regen+ Dex+4 SInv}
Stlth  +.........               G - ring of protection from magic
                                B - ring of wizardry

@: about to teleport, hydra-form, repel missiles, very resistant to hostile
enchantments, very unstealthy
A: (antennae 0), (hooves 0), repulsion field 1, rugged brown scales 1, (yellow
scales 0), berserk 2, clarity, (cold resistance 0), (deformed body),
deterioration 2, dopey 1, (fire resistance 0), (speed 0), frail 2, low mp 3,
mutation resistance 1, slow regeneration 1, spit poison 1, teleportitis 1,
(tough skin 0), weak 1, subdued magic 2, MP-powered wands
a: Spit Poison, Renounce Religion


You were on level 3 of the Abyss.
You worshipped Xom.
You were a special plaything of Xom.
You were not hungry.
You were a seven-headed hydra.
You visited 4 branches of the dungeon, and saw 30 of its levels.
You visited the Abyss 2 times.
You visited 1 bazaar.
You also visited: Sewer, Ossuary and Volcano.

You collected 6376 gold pieces.
You spent 998 gold pieces at shops.

Inventory:

Hand Weapons
 a - a +6 demon whip of freezing (melded)
Missiles
 I - 6 throwing nets (quivered)
Armour
 d - a +0 shield (melded)
 g - the +9 chain mail of Gluttony (melded) {*Confuse rPois rC+ Int+7}
   (You bought it in a shop on level 7 of the Dungeon)

   It affects your intelligence (+7).
   It protects you from cold.
   It protects you from poison.
   It may confuse you when you take damage.
 r - a +1 pair of gloves (melded)
 y - the +0 cloak "Utarihusee" (melded) {rElec rN+ Int+6 Stlth-}
   (You found it on level 1 of the Abyss)

   It affects your intelligence (+6).
   It insulates you from electricity.
   It protects you from negative energy.
   It makes you less stealthy.
 V - a +2 hat of spirit shield (melded)
Rods
 b - a cursed +3 rod of the swarm (12/12)
   (Xom gifted it to you on level 3 of the Dungeon)
Jewellery
 B - a ring of wizardry (left foreclaw)
 D - an uncursed amulet of rage
 G - a ring of protection from magic (right foreclaw)
 J - the amulet "Odalooli" (around neck) {rPois Regen+ Dex+4 SInv}
   (You found it on level 4 of the Lair of Beasts)

   [amulet of regeneration]

   It affects your dexterity (+4).
   It protects you from poison.
   It lets you see invisible.
   It increases your rate of regeneration.
 M - a +3 ring of protection
Wands
 l - a wand of disintegration (6)
 p - a wand of digging (11)
 C - a wand of hasting (1)
 K - a wand of hasting (4)
 P - a wand of invisibility (2)
 Q - a wand of teleportation (8)
Scrolls
 f - a scroll of teleportation
 i - 13 scrolls of remove curse
 j - 7 scrolls of fear
 m - 5 scrolls of magic mapping
 o - 3 scrolls of recharging
 s - 3 scrolls of enchant armour
 v - 4 scrolls of blinking
 E - 3 scrolls of fog
 N - 4 scrolls of amnesia
 R - 2 scrolls of identify
 W - a scroll of summoning
 Y - a scroll of silence
Potions
 h - 4 potions of heal wounds
 n - 2 potions of berserk rage
 q - 16 potions of curing
 t - a potion of cure mutation
 u - 3 potions of cancellation
 w - 6 potions of haste
 x - 3 potions of invisibility
 z - 4 potions of magic
 A - 3 potions of agility
 F - 6 potions of might
 H - a potion of brilliance
 L - a potion of beneficial mutation
 O - 4 potions of resistance
 U - 3 potions of flight
Books
 e - a book of the Warp

   Spells                             Type                      Level
   a - Recall                         Summoning/Translocation      3
   b - Gell's Gravitas                Hexes/Translocation          3
   c - Force Lance                    Conjuration/Translocation    4
   d - Phase Shift                    Translocation                5
   e - Warp Weapon                    Charms/Translocation         5
   f - Summon Forest                  Summoning/Translocation      5
Miscellaneous
 S - a phantom mirror
 X - a fan of gales
Comestibles
 c - 14 bread rations
 k - 13 meat rations
 T - 23 fruits
 Z - 2 chunks of flesh


   Skills:
 * Level 16.4 Fighting
 - Level 16.0 Maces & Flails
 - Level 7.0 Armour
 - Level 0.6 Dodging
 - Level 9.0 Shields
 - Level 2.0 Spellcasting
 + Level 11.9 Charms
 + Level 9.1 Translocations
 - Level 3.3 Air Magic
 - Level 5.5 Evocations


You had 5 spell levels left.
You knew the following spells:

 Your Spells              Type           Power        Failure   Level  Hunger
a - Phase Shift           Tloc           #.........   3%          5    ######.
b - Blink                 Tloc           N/A          0%          2    ###....
g - Apportation           Tloc           #.........   0%          1    ##.....
h - Haste                 Chrm           #.......     12%         6    #######
m - Repel Missiles        Chrm/Air       #.....       1%          2    ###....


Dungeon Overview and Level Annotations

Branches:
Dungeon (15/15)            Temple (0/1) D:7            Lair (8/8) D:11
  Swamp (0/4) Lair:6        Snake (0/4) Lair:4        Slime (0/6) Lair:8
    Orc (4/4) D:9             Elf (3/3) Orc:3        Vaults (0/5) D:13
 Depths (0/5) D:15

Altars:
Dithmenos
Gozag
Makhleb
Okawaru
Qazlal
Ru
Trog
Yredelemnul
Zin
The Shining One
Beogh
Jiyva

Shops:
D:4 ?   D:7 **%[(   D:8 *   Orc:2 (   Orc:4 }((!   Elf:2 (

Annotations:
Lair:1 exclusion: oklob plant
Lair:2 exclusion: ice statue
Elf:1 Roxanne
Elf:3 1 exclusion


Innate Abilities, Weirdness & Mutations

((You have hooves in place of feet.))
((Armour fits poorly on your strangely shaped body.))
((You cover ground very quickly.))
((You have extremely tough skin (AC +3).))
((You have a pair of small antennae on your head.))
You are surrounded by a mild repulsion field (EV +2).
(You are partially covered in rugged brown scales (AC +1, +3% HP).)
((You are partially covered in yellow scales (AC +2).))
You possess an exceptional clarity of mind.
((Your flesh is cold resistant.))
((Your flesh is heat resistant.))
You are somewhat resistant to further mutation.
You regenerate slowly when monsters are visible.
You can spit weak poison.
You are occasionally teleported to nearby monsters.
You expend magic power (3 MP) to strengthen your wands.
[You often lose your temper in combat.]
[Your body often deteriorates upon taking damage.]
[You are dopey. (Int -2)]
[You are very frail (-20% HP).]
[Your magical capacity is extremely low (-30% MP).]
[You are weak. (Str -2)]
[Your spells are easier to cast, but less powerful.]


Message History

The wizard flickers and vanishes for a moment.
Read which item? (? for menu, Esc to quit)
As you read the scroll of teleportation, it crumbles to dust.
You feel strangely unstable.
You feel the power of the Abyss delaying your translocation!
The small abomination hits you!!
* * * LOW HITPOINT WARNING * * *
You barely miss the wretched star.
You nip at the small abomination but do no damage.
The small abomination is lightly damaged.
The white ugly thing pecks you.
* * * LOW HITPOINT WARNING * * *
The white ugly thing freezes you!
* * * LOW HITPOINT WARNING * * *
Drink which item? (? for menu, Esc to quit)
You feel much better. The white ugly thing pecks you!
* * * LOW HITPOINT WARNING * * *
The white ugly thing freezes you!!
You die...
Xom giggles madly!

#.....###...#.3#
# #..u.# .u 3 ..
# #...u#. ..# #
##. # ##3#.. ..
# §#.## .# # #
###§u#u .#. .
##.§##x# . #
##.#u*#§ #. #.
§..§D## .
###.§§§§ .
..§#.#.#§ .
###.##. .# # ≈
.. ##


You could see a white very ugly thing, a wretched star, a white ugly thing and a
small abomination.

Vanquished Creatures
  2 profane servitors
  A deep elf blademaster (Elf:2)
  5 tentacled starspawn
  Gastronok (Lair:2)
  A storm dragon (Elf:1)
  An Executioner (Abyss:2)
  Wiglaf (Elf:3)
  A fire giant (D:15)
  A deep elf sorcerer (Elf:1)
  3 cacodemons (Abyss:1)
  2 balrugs
  A draconian annihilator (Abyss:3)
  A deep elf demonologist (Elf:3)
  A deep elf annihilator (Elf:2)
  A lorocyproca (Abyss:2)
  3 vault guards (D:13)
  2 deep elf death magi (Elf:2)
  A fire dragon (Elf:1)
  A crystal guardian (Abyss:1)
  A rakshasa (Abyss:1)
  3 ogre magi
  7 hydras
  15 dancing weapons (Elf:2)
  A vampire mage (Abyss:3)
  4 centaur warriors
  2 orc high priests
  A tengu warrior (D:15)
  9 thrashing horrors
  A holy swine (Abyss:3)
  A storm dragon zombie (Abyss:1)
  4 wretched stars
  An anaconda zombie (Abyss:3)
  A shadow wraith (Abyss:1)
  15 deep elf knights
  3 unseen horrors
  2 giant orange brains (Abyss:3)
  6 deep elf summoners
  A deep troll (Orc:4)
  An orange crystal statue (Elf:1)
  A lindwurm (Lair:5)
  6 hill giants
  9 deep elf conjurers
  3 orc sorcerers
  An oklob plant (Lair:8)
  A wizard (Elf:1)
  3 griffons
  An orb spider (Abyss:1)
  A mana viper (Abyss:3)
  4 ugly things
  A mana viper (shapeshifter) (Elf:2)
  3 worldbinders
  2 centaur zombies
  4 black mambas
  A rust devil (Abyss:1)
  7 cyclopes
  A stone giant skeleton (Abyss:1)
  An apocalypse crab (Abyss:3)
  A guardian serpent (Abyss:1)
  6 elephants (Lair:7)
  2 smoke demons (Abyss:3)
  2 molten gargoyles (Volcano)
  2 gargoyles
  2 orange demons
  A fire drake (Lair:8)
  2 kobold demonologists
  17 spiny frogs
  17 komodo dragons
  3 yaktaurs (Volcano)
  A hellion (Abyss:3)
  A tengu conjurer (D:15)
  2 efreet
  A hellwing (Abyss:3)
  10 deep elf priests
  6 trolls (Orc:4)
  7 ancient zymes
  2 freezing wraiths
  2 polar bears (Lair:2)
  A harpy zombie (D:14)
  A giant leech (Lair:8)
  27 small abominations
  A troll (shapeshifter) (D:5)
  A snapping turtle (Elf:1)
  A wolf spider simulacrum (D:15)
  10 two-headed ogres
  2 boulder beetles
  11 raiju
  A wind drake (shapeshifter) (D:15)
  A hydra skeleton (Abyss:3)
  A shadow (D:12)
  4 starcursed masses (Abyss:3)
  2 flying skulls
  A vampire (Abyss:3)
  2 wraiths
  3 water elementals (Abyss:3)
  12 blink frogs
  33 yaks
  2 spriggans
  28 deep elf magi
  7 hippogriffs
  A basilisk (Lair:6)
  34 deep elf fighters
  A hungry ghost (D:13)
  3 golden eyes
  4 neqoxecs (Abyss:3)
  A human (shapeshifter) (Elf:1)
  6 ynoxinuls
  7 wolves
  4 wargs
  2 chaos spawn
  2 steam dragons
  18 large abominations
  A fire elemental (Abyss:3)
  3 insubstantial wisps (Abyss:1)
  13 vampire mosquitoes
  3 soldier ants (Lair:7)
  5 hell hounds (Abyss:3)
  2 nagas (Lair:4)
  12 water moccasins
  10 porcupines
  5 ice beasts
  3 sky beasts
  2 black bears
  36 ogres
  A wasp (D:12)
  An eye of draining (D:13)
  16 orc warriors
  18 centaurs
  2 boggarts (Elf:1)
  13 crocodiles
  A gnoll sergeant (D:11)
  2 big kobolds
  The ghost of Zamanbre the Magician, an amateur DEWz of Vehumet (D:3)
  32 giant frogs
  3 earth elementals (Abyss:3)
  A water moccasin zombie (D:8)
  11 wights
  4 scorpions
  2 killer bees (D:8)
  4 electric eels
  3 lava snakes (Volcano)
  5 quasits
  6 crimson imps
  9 hounds
  2 giant frog zombies
  13 jellies
  Crazy Yiuf (D:7)
  10 iguanas
  An iron imp (Abyss:3)
  25 orc priests
  4 centaur skeletons
  A giant frog skeleton (D:8)
  39 orc wizards
  A killer bee zombie (D:5)
  26 worker ants
  30 sheep
  2 hound skeletons
  A hound zombie (D:6)
  6 mummies
  A worker ant zombie (D:5)
  15 adders
  6 gnolls
  45 river rats
  A river rat (shapeshifter) (Sewer)
  5 white imps
  7 shadow imps
  An ufetubus (Abyss:2)
  9 oozes
  4 adder zombies
  An adder skeleton (D:5)
  3 worms
  189 orcs
  10 giant cockroaches
  8 goblins
  5 hobgoblins
  A jackal (D:6)
  3 quokkas
  15 ball pythons
  6 bats
  2 giant geckos
  A giant gecko skeleton (D:4)
  6 giant newts
  A hobgoblin zombie (Ossuary)
  A jackal skeleton (D:4)
  12 kobolds
  A kobold zombie (Ossuary)
  A quokka skeleton (D:8)
  A quokka zombie (D:5)
  28 rats
  A bush (Lair:8)
  A fire vortex (Abyss:1)
  A lurking horror (Abyss:3)
  3 starspawn tentacles
  A starspawn tentacle segment (Abyss:1)
1269 creatures vanquished.

Vanquished Creatures (collateral kills)
  A tentacled starspawn (Abyss:1)
  An eidolon (Abyss:3)
  A vault guard (D:13)
  Harold (Lair:2)
  A hydra (Lair:7)
  The ghost of Arkorax the Spear-Bearer, a novice MfGl of Ru (D:7)
  A queen ant (Lair:7)
  Urug (Lair:3)
  Sonja (D:11)
  The ghost of Mandevil the Cleaver, a novice FoAE of Cheibriados (D:8)
  2 hill giants
  3 lindwurms (Lair:4)
  A wolf spider (D:15)
  A black mamba (Lair:5)
  An elephant (D:11)
  A gargoyle (D:10)
  4 komodo dragons
  A freezing wraith (Lair:2)
  A troll (D:15)
  A blink frog (Lair:3)
  3 polar bears
  2 giant leeches (Lair:8)
  A hornet zombie (D:13)
  2 raiju (Abyss:1)
  3 deep elf magi (Elf:1)
  8 yaks
  5 hungry ghosts
  2 hippogriffs
  A steam dragon (D:11)
  2 nagas (Lair:4)
  4 vampire mosquitoes
  2 wolves (Lair:7)
  A soldier ant (D:13)
  A water moccasin (Lair:8)
  2 porcupines
  A centaur (Lair:6)
  A sky beast (D:10)
  3 ogres
  4 crocodiles
  6 giant frogs
  Blork the orc (D:5)
  A brain worm (Abyss:3)
  A scorpion (D:8)
  2 killer bees (D:8)
  5 wights
  3 centaur zombies
  4 orc wizards
  3 jellies
  An orc priest (D:5)
  A centaur skeleton (D:11)
  2 hounds
  3 iguanas
  5 worker ants (Lair:7)
  10 sheep
  2 big kobold zombies (Ossuary)
  3 mummies (Ossuary)
  3 adders
  A gnoll (D:11)
  8 river rats
  2 shadow imps
  A white imp (Lair:2)
  13 orcs
  3 ball pythons (Sewer)
  A giant cockroach (D:4)
  2 gnoll zombies (Ossuary)
  5 jackals
  A jackal zombie (D:5)
  A kobold zombie (Ossuary)
  An orc zombie (Ossuary)
  A rat (D:3)
170 creatures vanquished.

Vanquished Creatures (others)
  An ogre mage (Orc:4)
  A dancing weapon (Orc:4)
  3 deep elf knights
  A deep troll (Orc:4)
  A hill giant (D:15)
  A centaur zombie (D:13)
  A troll (Orc:4)
  A fire bat (Abyss:1)
  3 deep elf fighters
  4 golden eyes (Abyss:3)
  A small abomination (Abyss:3)
  A giant newt (D:2)
  A bush (Abyss:2)
  2 fire vortices
  11 fungi
  6 lurking horrors
  12 plants
  40 starspawn tentacles
  475 starspawn tentacle segments
566 creatures vanquished.

Grand Total: 2005 creatures vanquished

Notes
Turn   | Place    | Note
--------------------------------------------------------------
     0 | D:1      | Kramin the Centaur Chaos Knight began the quest for the Orb.
     0 | D:1      | Reached XP level 1. HP: 19/19 MP: 1/1
    68 | D:1      | XOM: harmless Air miscast
   180 | D:1      | XOM: silly message
   190 | D:1      | XOM: silly message
   201 | D:1      | Reached XP level 2. HP: 19/26 MP: 2/2
   236 | D:1      | XOM: divination: detect items
   528 | D:1      | XOM: enchant monster (good)
   555 | D:1      | Reached XP level 3. HP: 25/31 MP: 3/3
   754 | D:2      | Found a glowing golden altar of the Shining One.
   997 | D:2      | Found a burning altar of Makhleb.
   999 | D:2      | XOM: mild Erth miscast
  1045 | D:2      | Reached skill level 4 in Maces & Flails
  1093 | D:2      | XOM: mild Fire miscast
  1423 | D:2      | XOM: give mutation
  1423 | D:2      | Gained mutation: Your muscles are strong. (Str +2) [Xom's grace]
  1619 | D:2      | XOM: 1-stop teleportation journey
  1958 | D:2      | Found a stormy altar of Qazlal.
  1962 | D:2      | Reached XP level 4. HP: 35/38 MP: 4/4
  2179 | D:3      | Found a faded altar to an unknown god.
  2466 | D:3      | XOM: god gift: wooden wand {god gift}
  2566 | D:3      | XOM: god gift: curved runed rod {god gift}
  2568 | D:3      | Identified a +3 rod of the swarm (12/12) (Xom gifted it to you on level 3 of the Dungeon)
  2664 | D:3      | Reached skill level 5 in Maces & Flails
  2713 | D:3      | XOM: give mutations
  2713 | D:3      | Gained mutation: You are partially covered in rugged brown scales (AC +1, +3% HP). [Xom's grace]
  2713 | D:3      | Gained mutation: You possess an exceptional clarity of mind. [Xom's grace]
  2713 | D:3      | Gained mutation: You are surrounded by a mild repulsion field (EV +2). [Xom's grace]
  2713 | D:3      | Gained mutation: You can translocate small distances at will. [Xom's grace]
  3042 | D:3      | Noticed Zamanbre's ghost (amateur DEWz)
  3071 | D:3      | Killed Zamanbre's ghost
  3071 | D:3      | Reached XP level 5. HP: 36/46 MP: 5/5
  3236 | D:4      | XOM: fog
  3255 | D:4      | Reached skill level 1 in Evocations
  3257 | D:4      | XOM: potion effect (curing)
  3320 | D:4      | Noticed an ogre
  3328 | D:4      | Killed an ogre
  3328 | D:4      | Reached XP level 6. HP: 33/53 MP: 6/6
  3368 | D:4      | Found a basalt altar of Yredelemnul.
  3369 | D:4      | Found an opulent altar of Gozag.
  3371 | D:4      | Found an iron altar of Okawaru.
  3405 | D:4      | XOM: god gift: runed short sword {god gift}
  3440 | D:4      | Found Huun's Magic Scroll Shop.
  3454 | D:4      | Bought a scroll of remove curse for 36 gold pieces
  3454 | D:4      | Bought a scroll of identify for 24 gold pieces
  3454 | D:4      | Bought a scroll of magic mapping for 42 gold pieces
  3454 | D:4      | Bought a scroll of teleportation for 36 gold pieces
  3454 | D:4      | Bought a scroll of blinking for 90 gold pieces
  3839 | D:4      | Noticed an ogre
  3847 | D:4      | Killed an ogre
  3858 | D:4      | Noticed a black bear
  3868 | D:4      | Killed a black bear
  3868 | D:4      | Reached skill level 6 in Maces & Flails
  4034 | D:4      | XOM: mild Fire miscast
  4036 | D:5      | Entered Level 5 of the Dungeon
  4075 | D:5      | Reached XP level 7. HP: 45/61 MP: 8/8
  4223 | D:5      | XOM: polymorph killer bee -> worm
  4242 | D:5      | XOM: summons friendly white imp
  4251 | D:5      | Found a sand-covered staircase.
  4260 | Ossuary  | Entered an ossuary
  4293 | Ossuary  | Reached skill level 5 in Fighting
  4413 | Ossuary  | XOM: god gift: 10 poisoned arrows
  4621 | D:5      | Noticed Blork the orc
  4631 | D:5      | Killed Blork the orc
  4789 | D:5      | Reached skill level 7 in Maces & Flails
  4912 | D:5      | XOM: give mutations
  4912 | D:5      | Gained mutation: You have a pair of small antennae on your head. [Xom's grace]
  4912 | D:5      | Gained mutation: Your mind is acute. (Int +2) [Xom's grace]
  4912 | D:5      | Gained mutation: Your muscles are very strong. (Str +4) [Xom's grace]
  4912 | D:5      | Gained mutation: Your flesh is heat resistant. [Xom's grace]
  4925 | D:5      | XOM: colour smoke trail
  5126 | D:5      | XOM: 6-stop teleportation journey
  5127 | D:5      | Noticed a fire drake
  5127 | D:5      | an ogre changed into a fire drake
  5127 | D:5      | Noticed a basilisk
  5127 | D:5      | a fire drake changed into a basilisk
  5131 | D:5      | Noticed a troll
  5131 | D:5      | a basilisk changed into a troll
  5137 | D:5      | Killed a troll
  5137 | D:5      | Reached XP level 8. HP: 59/71 MP: 10/10
  5304 | D:5      | XOM: god gift: hardcover book {god gift}
  5409 | D:5      | XOM: divination: detect creatures
  5458 | D:5      | XOM: silly message
  5576 | D:5      | XOM: silly message
  5996 | D:6      | XOM: silly message
  6146 | D:6      | Found a glowing drain.
  6153 | Sewer    | Entered a sewer
  6156 | Sewer    | XOM: harmless Tloc miscast
  6177 | Sewer    | Reached skill level 8 in Maces & Flails
  6238 | Sewer    | XOM: polymorph rat -> river rat
  6505 | Sewer    | XOM: torment (37/72 hp)
  6515 | Sewer    | XOM: medium Tloc miscast
  6691 | Sewer    | XOM: 5-stop teleportation journey
  7375 | D:6      | XOM: medium Trmt miscast
  7394 | D:6      | XOM: summons 4 hostile shadow creatures
  7406 | D:6      | XOM: draining
  7417 | D:6      | XOM: silly message
  7619 | D:6      | Reached XP level 9. HP: 28/79 MP: 12/12
  7750 | D:6      | XOM: mild Chrm miscast
  7866 | D:6      | XOM: noise
  7873 | D:6      | XOM: god gift: scroll of noise
  7917 | D:6      | XOM: vitrification
  7961 | D:6      | XOM: give mutation
  7961 | D:6      | Gained mutation: You have sharp fingernails. [Xom's grace]
  8008 | D:6      | XOM: cast spell 'Statue Form'
  8188 | D:6      | XOM: god gift: ornate deck of cards {god gift}
  8205 | D:6      | Reached skill level 9 in Maces & Flails
  8394 | D:6      | XOM: vitrification
  8807 | D:6      | XOM: mild Tloc miscast
  8833 | D:7      | XOM: give mutations
  8833 | D:7      | Lost mutation: Your muscles are very strong. (Str +4) [Xom's mischief]
  8833 | D:7      | Lost mutation: Your muscles are strong. (Str +2) [Xom's mischief]
  8833 | D:7      | Lost mutation: Your flesh is heat resistant. [Xom's mischief]
  8833 | D:7      | Gained mutation: [Your body sometimes deteriorates upon taking damage.] [Xom's mischief]
  9012 | D:7      | Reached skill level 5 in Evocations
  9067 | D:7      | XOM: polymorph iguana -> gnoll
  9144 | D:7      | Found Jublet's Antique Weapon Shop.
  9152 | D:7      | Bought a flail for 59 gold pieces
  9164 | D:7      | Found a shadowy altar of Dithmenos.
  9204 | D:7      | Found a staircase to the Ecumenical Temple.
  9263 | D:7      | Noticed Arkorax's ghost (novice MfGl)
  9279 | D:7      | Killed Arkorax's ghost
  9607 | D:7      | Found Caibrash's Food Shop.
  9623 | D:7      | Found Tebar's Antique Armour Boutique.
  9631 | D:7      | Bought a slimy chain mail for 209 gold pieces
  9641 | D:7      | Identified the +9 chain mail of Gluttony {*Confuse rPois rC+ Int+7} (You bought it in a shop on level 7 of the Dungeon)
  9713 | D:7      | XOM: divination: detect creatures
  9855 | D:7      | Found Fenavic's General Store.
  9862 | D:7      | Found Pebb's General Store.
  9864 | D:7      | Bought a scroll of identify for 30 gold pieces
  9889 | D:7      | Noticed Crazy Yiuf
  9904 | D:7      | Killed Crazy Yiuf
 10080 | D:7      | XOM: severe Chrm miscast
 10133 | D:8      | XOM: cast spell 'Dragon Form'
 10149 | D:8      | Reached skill level 10 in Maces & Flails
 10149 | D:8      | Reached skill level 1 in Shields
 10185 | D:8      | XOM: harmless Ice miscast
 10192 | D:8      | XOM: colour smoke trail
 10247 | D:8      | XOM: 4-stop teleportation journey
 10345 | D:8      | Reached XP level 10. HP: 59/88 MP: 14/14
 10423 | D:8      | Found Zin's Purification Station.
 10428 | D:8      | Found a glowing silver altar of Zin.
 10444 | D:8      | XOM: confuse monster(s)
 10508 | D:8      | Noticed Mandevil's ghost (novice FoAE)
 10523 | D:8      | Killed Mandevil's ghost
 10715 | D:8      | XOM: give mutations
 10715 | D:8      | Gained mutation: You are partially covered in yellow scales (AC +2). [Xom's grace]
 10715 | D:8      | Gained mutation: Your flesh is heat resistant. [Xom's grace]
 10715 | D:8      | Gained mutation: You can spit weak poison. [Xom's grace]
 10715 | D:8      | Lost mutation: You can spit weak poison. [Xom's grace]
 10715 | D:8      | Gained mutation: You can breathe flames. [Xom's grace]
 11318 | D:9      | XOM: cast spell 'Summon Butterflies'
 11491 | D:9      | XOM: harmless Trmt miscast
 11581 | D:9      | Found a glowing golden altar of the Shining One.
 11733 | D:9      | Found a staircase to the Orcish Mines.
 11879 | D:9      | XOM: god gift: cabochon ring {god gift}
 12026 | D:9      | XOM: 1-stop teleportation journey
 12062 | D:9      | XOM: harmless Conj miscast
 12164 | D:10     | Entered Level 10 of the Dungeon
 12186 | D:10     | Noticed a hill giant
 12196 | D:10     | Killed a hill giant
 12231 | D:10     | Gained mutation: You are robust (+10% HP). [potion of beneficial mutation]
 12262 | D:10     | XOM: confuse monster(s)
 12279 | D:10     | Reached skill level 11 in Maces & Flails
 12312 | D:10     | XOM: divination: detect items
 12705 | D:10     | XOM: divination: magic mapping
 12707 | D:10     | XOM: fake destruction
 12761 | D:10     | Noticed a hill giant
 12771 | D:10     | XOM: harmless Conj miscast
 12787 | D:10     | Killed a hill giant
 12928 | D:10     | XOM: confuse monster(s)
 12987 | D:10     | XOM: silly message
 13186 | D:11     | Noticed a hill giant
 13194 | D:11     | Killed a hill giant
 13196 | D:11     | Found a staircase to the Lair.
 13196 | D:11     | Noticed an elephant
 13209 | D:11     | XOM: enchant monster (bad)
 13211 | D:11     | Killed an elephant
 13393 | D:11     | Reached XP level 11. HP: 106/109 MP: 15/15
 13464 | D:11     | Noticed Sonja
 13469 | D:11     | XOM: enchant monster (bad)
 13483 | D:11     | Killed Sonja
 13709 | D:11     | Noticed a cyan ugly thing
 13732 | D:11     | Killed a cyan ugly thing
 14016 | D:11     | XOM: polymorph hippogriff -> two-headed ogre
 14075 | D:11     | Noticed a cyclops
 14091 | D:11     | XOM: 3-stop teleportation journey
 14113 | D:11     | XOM: fog
 14119 | D:11     | Killed a cyclops
 14153 | D:11     | XOM: summons friendly white imp
 14518 | D:11     | XOM: harmless Air miscast
 14527 | Lair:1   | Entered Level 1 of the Lair of Beasts
 14528 | Lair:1   | Upgraded the game from 0.17.0-24-gcfadda4 to 0.17.0-26-gececa24
 14530 | Lair:1   | XOM: potion effect (might)
 14534 | Lair:1   | XOM: potion effect (agility)
 14547 | Lair:1   | Reached skill level 12 in Maces & Flails
 14549 | Lair:1   | XOM: potion effect (invisibility)
 14592 | Lair:1   | XOM: confuse monster(s)
 15047 | D:11     | XOM: scenery: 1 doors close
 15071 | Lair:1   | XOM: mild Conj miscast
 15261 | Lair:1   | Learned a level 1 spell: Apportation
 15370 | Lair:1   | XOM: 2-stop teleportation journey
 15489 | Lair:1   | XOM: fake destruction
 15503 | Lair:1   | XOM: harmless Summ miscast
 15661 | Lair:1   | XOM: 1-stop teleportation journey
 15942 | Lair:2   | XOM: enchant monster (bad)
 16104 | Lair:2   | Noticed Gastronok
 16104 | Lair:2   | XOM: summons friendly ufetubus
 16110 | Lair:2   | XOM: enchant monster (bad)
 16122 | Lair:2   | XOM: enchant monster (good)
 16138 | Lair:2   | Killed Gastronok
 16138 | Lair:2   | Reached skill level 10 in Fighting
 16138 | Lair:2   | Reached skill level 5 in Shields
 16177 | Lair:2   | XOM: summons 5 hostile demons
 16272 | Lair:2   | XOM: summons friendly shadow imp
 16275 | Lair:2   | XOM: harmless Divn miscast
 16285 | Lair:2   | Noticed an eight-headed hydra
 16330 | Lair:2   | Killed an eight-headed hydra
 16332 | Lair:2   | XOM: divination: detect creatures
 16432 | Lair:2   | XOM: divination: detect items
 16483 | Lair:2   | XOM: swap monsters
 16501 | Lair:2   | XOM: silly message
 16574 | Lair:2   | XOM: divination: magic mapping
 16603 | Lair:2   | XOM is BORED!
 16603 | Lair:2   | XOM: 3-stop teleportation journey
 16604 | Lair:2   | Noticed Harold
 16615 | Lair:2   | Killed Harold
 16615 | Lair:2   | Reached skill level 13 in Maces & Flails
 16615 | Lair:2   | Reached XP level 12. HP: 108/119 MP: 14/16
 16689 | Lair:2   | XOM: divination: detect creatures
 16715 | Lair:2   | XOM: harmless Trmt miscast
 16855 | Lair:2   | XOM: 1-stop teleportation journey
 16913 | Lair:2   | XOM: 1-stop teleportation journey
 17315 | Lair:3   | XOM: summons 5 friendly demons
 17320 | Lair:3   | XOM: god gift: potion of heal wounds
 17368 | Lair:3   | XOM: 1-stop teleportation journey
 17556 | Lair:3   | Noticed Urug
 17556 | Lair:3   | XOM: cast spell 'Excruciating Wounds'
 17574 | Lair:3   | Killed Urug
 17847 | Lair:3   | XOM: cast spell 'Olgreb's Toxic Radiance'
 17927 | Lair:3   | XOM: harmless Necr miscast
 18224 | Lair:3   | XOM: mild Necr miscast
 18625 | Lair:4   | XOM: harmless Summ miscast
 18681 | Lair:4   | XOM: cast spell 'Blink'
 18836 | Lair:4   | Found a staircase to the Snake Pit.
 18853 | Lair:4   | XOM: enchant monster (bad)
 18930 | Lair:4   | Noticed a seven-headed hydra
 18939 | Lair:4   | Killed a seven-headed hydra
 19041 | Lair:4   | XOM: blink monster(s)
 19061 | Lair:4   | XOM: summons friendly white imp
 19065 | Lair:4   | XOM: summons friendly white imp
 19067 | Lair:4   | XOM: swap monsters
 19072 | Lair:4   | XOM: potion effect (haste)
 19088 | Lair:4   | Got a clouded bronze amulet
 19090 | Lair:4   | Identified the amulet "Odalooli" {rPois Regen+ Dex+4 SInv} (You found it on level 4 of the Lair of Beasts)
 19106 | Lair:4   | Learned a level 2 spell: Blink
 19109 | Lair:4   | Learned a level 2 spell: Repel Missiles
 19142 | Lair:4   | XOM is BORED!
 19142 | Lair:4   | XOM: medium Trmt miscast
 19486 | Lair:5   | Reached skill level 14 in Maces & Flails
 19526 | Lair:5   | Noticed an eight-headed hydra
 19530 | Lair:5   | XOM: summons 12 friendly demons
 19532 | Lair:5   | XOM: cast spell 'Discord'
 19535 | Lair:5   | Killed an eight-headed hydra
 19535 | Lair:5   | Reached skill level 1 in Charms
 19640 | Lair:5   | XOM: summons friendly quasit
 19700 | Lair:5   | XOM: destruction
 19703 | Lair:5   | XOM: summons friendly crimson imp
 19784 | Lair:5   | XOM: enchant monster (good)
 19904 | Lair:5   | Noticed a five-headed hydra
 19912 | Lair:5   | XOM: enchant monster (good)
 19913 | Lair:5   | XOM: divination: detect items
 19915 | Lair:5   | Killed a five-headed hydra
 19917 | Lair:5   | XOM: mild Trmt miscast
 19943 | Lair:5   | Reached XP level 13. HP: 59/131 MP: 8/17
 20068 | Lair:5   | Reached XP level 14. HP: 140/140 MP: 18/18
 20084 | Lair:5   | XOM: summons 4 friendly demons
 20085 | Lair:5   | XOM: enchant monster (good)
 20228 | Lair:5   | You fall through a shaft for 2 floors!
 20264 | Lair:7   | XOM: confuse monster(s)
 20363 | Lair:7   | Learned a level 6 spell: Haste
 20624 | Lair:7   | XOM: cast spell 'Confusing Touch'
 20650 | Lair:7   | XOM: medium Trmt miscast
 20741 | Lair:7   | XOM: mild Ice miscast
 20988 | Lair:7   | XOM: harmless Air miscast
 21053 | Lair:7   | XOM: noise
 21195 | Lair:7   | XOM: silly message
 21205 | Lair:7   | XOM: potion effect (curing)
 21209 | Lair:7   | Reached skill level 5 in Charms
 21388 | Lair:7   | XOM: noise
 21391 | Lair:7   | XOM: snakes to sticks
 21418 | Lair:7   | XOM: summons friendly quasit
 21441 | Lair:7   | Reached skill level 15 in Maces & Flails
 21451 | Lair:7   | XOM: cast spell 'Hydra Form'
 21482 | Lair:7   | XOM: blink monster(s)
 21639 | Lair:7   | XOM: mild Erth miscast
 21754 | Lair:7   | XOM: blink monster(s)
 21761 | Lair:7   | XOM: blink monster(s)
 21913 | Lair:6   | XOM: blink monster(s)
 22091 | Lair:6   | XOM: 1-stop teleportation journey
 22197 | Lair:6   | XOM: silly message
 22234 | Lair:6   | XOM: potion effect (invisibility)
 22508 | Lair:6   | Found a staircase to the Swamp.
 22543 | Lair:6   | XOM: 3-stop teleportation journey
 22798 | Lair:5   | XOM: colour smoke trail
 22941 | Lair:7   | XOM: confuse monster(s)
 22950 | Lair:8   | Entered Level 8 of the Lair of Beasts
 23001 | Lair:8   | XOM: cast spell 'Spider Form'
 23009 | Lair:8   | XOM: cast spell 'Metabolic Englaciation'
 23016 | Lair:8   | XOM: summons 5 friendly demons
 23071 | Lair:8   | Found a runed door.
 23071 | Lair:8   | Found a viscous altar of Jiyva.
 23071 | Lair:8   | Found a staircase to the Slime Pits.
 23162 | Lair:8   | XOM: enchant monster (good)
 23184 | Lair:8   | XOM: divination: detect creatures
 23222 | Lair:8   | XOM: divination: detect items
 23448 | Lair:8   | XOM: fog
 23628 | Lair:8   | XOM: god gift: scroll of noise
 23746 | Lair:8   | XOM: summons 3 friendly demons
 23748 | Lair:8   | XOM: smoke on damage
 24076 | Lair:8   | XOM: enchant monster (good)
 24079 | Lair:8   | XOM: summons 2 friendly demons
 24122 | Lair:8   | XOM: god gift: 2 tomahawks of returning
 24178 | Lair:8   | XOM: cast spell 'Ice Form'
 24286 | Lair:8   | XOM: divination: magic mapping
 24610 | Lair:8   | XOM: god gift: 510 gold pieces
 24715 | Lair:8   | XOM: summons friendly crimson imp
 24793 | Lair:6   | XOM: god gift: gilded ring {god gift}
 24858 | Lair:4   | XOM: god gift: 10 gold pieces
 25014 | Orc:1    | Entered Level 1 of the Orcish Mines
 25446 | Orc:1    | XOM: god gift: potion of invisibility
 25585 | Orc:2    | Reached skill level 16 in Maces & Flails
 25588 | Orc:2    | XOM: cast spell 'Stoneskin'
 25603 | Orc:2    | XOM: cast spell 'Excruciating Wounds'
 25694 | Orc:1    | XOM: colour smoke trail
 25707 | Orc:1    | XOM: harmless Ice miscast
 25876 | Orc:2    | Found Juannici's Weapon Boutique.
 26233 | Orc:2    | Reached XP level 15. HP: 133/145 MP: 16/19
 26296 | Orc:2    | XOM is BORED!
 26296 | Orc:2    | XOM: medium Hex miscast
 26415 | Orc:2    | Found a roughly hewn altar of Beogh.
 26579 | Orc:3    | Found a staircase to the Elven Halls.
 26695 | Orc:3    | Found a dark tunnel.
 26701 | Volcano  | Entered a volcano
 26976 | Volcano  | Found a bloodstained altar of Trog.
 27002 | Volcano  | XOM: enchant monster (good)
 27008 | Volcano  | XOM: scenery: 2 doors open
 27026 | Volcano  | Reached skill level 1 in Spellcasting
 27182 | Volcano  | XOM: fog
 27521 | Orc:3    | XOM: vitrification
 27534 | Orc:3    | XOM: 2-stop teleportation journey
 27870 | Orc:3    | XOM: summons friendly iron imp
 27962 | Orc:3    | XOM: vitrification
 28040 | Orc:3    | XOM: god gift: 18 stones
 28064 | Orc:2    | XOM: god gift: wand of flame {god gift}
 28154 | Orc:4    | Entered Level 4 of the Orcish Mines
 28182 | Orc:4    | Found a flickering gateway to a bazaar.
 28201 | Bazaar   | Entered a bazaar
 28207 | Bazaar   | Found Qopunarr's Antique Weapon Boutique.
 28234 | Bazaar   | Found Jacuazew's Weapon Shop.
 28247 | Bazaar   | Found Miqoak's Food Shop.
 28260 | Bazaar   | Found Vaudaq's General Store.
 28557 | Orc:4    | XOM: 4-stop teleportation journey
 28584 | Orc:4    | Found a bloodstained altar of Trog.
 28598 | Orc:4    | XOM: summons friendly ufetubus
 28605 | Orc:4    | XOM: 1-stop teleportation journey
 28611 | Orc:4    | XOM: polymorph ogre -> giant frog
 28617 | Orc:4    | XOM: divine lightning (protected)
 28620 | Orc:4    | XOM: cast spell 'Chain of Chaos'
 28622 | Orc:4    | XOM: fake destruction
 28624 | Orc:4    | XOM: enchant monster (good)
 28665 | Orc:4    | XOM: chaos upgrade
 28735 | Orc:4    | XOM: torment (28/146 hp)
 28942 | Orc:4    | Found Bopser's Gadget Shop.
 28943 | Orc:4    | Found Fyota's Antique Weapon Shop.
 28945 | Orc:4    | Found Ziyhixto's Antique Weapon Emporium.
 28946 | Orc:4    | XOM: summons 15 friendly demons
 28953 | Orc:4    | XOM: summons 3 friendly demons
 28965 | Orc:4    | Found Puycoc's Distillery.
 29002 | Orc:4    | Bought a steaming mace for 216 gold pieces
 29006 | Orc:4    | Identified the +6 mace of Gozag's Favour {speed, *Noise rC++} (You bought it in a shop on level 4 of the Orcish Mines)
 29165 | Orc:4    | XOM is BORED!
 29165 | Orc:4    | XOM: medium Summ miscast
 29421 | Orc:1    | XOM: vitrification
 29736 | D:12     | XOM: swap monsters
 29863 | D:12     | XOM: vitrification
 29989 | D:13     | XOM: enchant monster (good)
 30066 | D:13     | XOM: potion effect (agility)
 30715 | D:13     | XOM: enchant monster (good)
 30751 | D:13     | XOM: divination: detect creatures
 30785 | D:13     | XOM: silly message
 30839 | D:13     | Found a gate to the Vaults.
 30948 | D:13     | Reached skill level 5 in Translocations
 31106 | D:14     | Found a sacrificial altar of Ru.
 31477 | D:14     | XOM: medium Erth miscast
 31865 | D:15     | XOM: noise
 31865 | D:15     | Entered Level 15 of the Dungeon
 31887 | D:15     | XOM: potion effect (might)
 31891 | D:15     | XOM: medium Divn miscast
 31903 | D:15     | XOM: polymorph crimson imp -> quasit
 31906 | D:15     | XOM: draining
 31918 | D:15     | XOM: potion effect (invisibility)
 32043 | D:15     | Found a staircase to the Depths.
 32113 | D:15     | XOM: vitrification
 32134 | D:15     | XOM: god gift: blackened lead wand {god gift}
 32178 | D:15     | XOM: cast spell 'Stoneskin'
 32239 | D:15     | XOM: summons friendly white imp
 32740 | D:15     | XOM: potion effect (might)
 32752 | D:15     | XOM: god gift: royal jelly
 32801 | D:15     | Learned a level 5 spell: Phase Shift
 32887 | D:14     | XOM: give mutations
 32887 | D:14     | Lost mutation: You have sharp fingernails. [Xom's mischief]
 32887 | D:14     | Lost mutation: Your mind is acute. (Int +2) [Xom's mischief]
 33098 | Elf:1    | Entered Level 1 of the Elven Halls
 33115 | Elf:1    | XOM: enchant monster (bad)
 33237 | Elf:1    | XOM: mild Pois miscast
 33333 | Elf:1    | Reached XP level 16. HP: 148/159 MP: 18/20
 33430 | Elf:1    | Noticed Roxanne
 33459 | Elf:1    | XOM: summons 6 friendly demons
 33461 | Elf:1    | XOM: 2-stop teleportation journey
 33463 | Elf:1    | XOM: enchant monster (bad)
 33489 | Elf:1    | XOM: destruction
 33497 | Elf:1    | XOM: chaos upgrade
 33510 | Elf:1    | XOM: confuse monster(s)
 33521 | Elf:1    | XOM: chaos cloud
 33522 | Elf:1    | Paralysed by you for 6 turns
 33547 | Elf:1    | Reached skill level 5 in Armour
 33565 | Elf:1    | XOM: silly message
 33570 | Elf:1    | XOM: polymorph something unseen -> fire dragon
 33572 | Elf:1    | XOM: 2-stop teleportation journey
 33581 | Elf:1    | XOM: summons friendly iron imp
 33601 | Elf:1    | XOM: silly message
 33880 | Elf:1    | XOM: medium Trmt miscast
 34088 | Elf:1    | XOM: polymorph deep elf conjurer -> snapping turtle
 34211 | Elf:1    | XOM: chaos upgrade
 34310 | Elf:1    | XOM: blink monster(s)
 34609 | Elf:1    | XOM: polymorph deep elf summoner -> shock serpent
 34611 | Elf:1    | XOM: harmless Tloc miscast
 34627 | Elf:1    | XOM: harmless Summ miscast
 34644 | Elf:1    | XOM: chaos cloud
 34649 | Elf:1    | XOM: divination: detect creatures
 34650 | Elf:1    | XOM: divination: detect creatures
 34651 | Elf:1    | XOM: potion effect (might)
 34833 | Elf:1    | XOM: god gift: battleaxe {god gift}
 34993 | Elf:2    | XOM: cast spell 'Summon Ice Beast'
 34997 | Elf:2    | XOM: fog
 35007 | Elf:2    | XOM: 1-stop teleportation journey
 35045 | Elf:2    | Found Luafe's Antique Weapon Boutique.
 35063 | Elf:2    | Bought a translucent mace for 256 gold pieces
 35063 | Elf:2    | Identified the +5 mace of Hegeuseh {crush, +Rage} (You bought it in a shop on level 2 of the Elven Halls)
 35098 | Elf:2    | XOM: divination: detect creatures
 35109 | Elf:2    | XOM: potion effect (berserk rage)
 35121 | Elf:2    | XOM: mild Air miscast
 35237 | Elf:2    | XOM: harmless Erth miscast
 35338 | Elf:2    | Found a huge runed gate.
 35338 | Elf:2    | Found a huge runed gate.
 35338 | Elf:2    | Found a huge runed gate.
 35338 | Elf:2    | Found a huge runed gate.
 35338 | Elf:2    | Found a huge runed gate.
 35400 | Elf:2    | XOM: medium Trmt miscast
 35569 | Elf:2    | XOM: summons friendly ufetubus
 35581 | Elf:2    | XOM: divination: detect items
 35604 | Elf:2    | XOM: potion effect (berserk rage)
 35606 | Elf:2    | XOM: blink monster(s)
 35608 | Elf:2    | XOM: confuse monster(s)
 35662 | Elf:2    | XOM: mild Ice miscast
 35681 | Elf:2    | Noticed a deep elf blademaster
 35698 | Elf:2    | XOM: noise
 35727 | Elf:2    | Killed a deep elf blademaster
 35738 | Elf:2    | XOM: chaos cloud
 35741 | Elf:2    | Paralysed by you for 6 turns
 35742 | Elf:2    | XOM: mild Summ miscast
 35807 | Elf:2    | XOM: harmless Summ miscast
 35815 | Elf:2    | XOM: blink monster(s)
 35911 | Elf:2    | XOM: silly message
 35928 | Elf:2    | XOM: summons friendly crimson imp
 35943 | Elf:2    | XOM: harmless Hex miscast
 35953 | Elf:2    | Reached skill level 10 in Charms
 35979 | Elf:2    | XOM: chaos upgrade
 35986 | Elf:2    | XOM: blink monster(s)
 36039 | Elf:1    | XOM: mild Tloc miscast
 36161 | Elf:1    | XOM: silly message
 36249 | Elf:2    | XOM: medium Ice miscast
 36281 | Elf:2    | XOM: summons 1 hostile shadow creature
 36360 | Elf:2    | XOM: silly message
 36405 | Elf:2    | XOM: harmless Conj miscast
 36411 | Elf:2    | XOM: summons 3 friendly demons
 36421 | Elf:2    | XOM: smoke on damage
 36431 | Elf:2    | XOM: smoke on damage
 36472 | Elf:2    | XOM: divination: magic mapping
 36872 | Elf:2    | XOM: summons friendly shadow imp
 36883 | Elf:2    | XOM: mild Conj miscast
 36893 | Elf:2    | XOM: potion effect (berserk rage)
 36901 | Elf:2    | XOM: summons friendly ufetubus
 36960 | Elf:2    | XOM: scenery: 1 doors close
 37026 | Elf:3    | Entered Level 3 of the Elven Halls
 37165 | Elf:3    | XOM: blink monster(s)
 37170 | Elf:3    | XOM: confuse monster(s)
 37276 | Elf:3    | XOM: mild Divn miscast
 37456 | Elf:3    | XOM: swap monsters
 37495 | Elf:3    | Cast into the Abyss (a deep elf demonologist)
 37565 | Abyss:1  | XOM: swap monsters
 37575 | Abyss:1  | XOM: confuse monster(s)
 37746 | Abyss:1  | XOM: summons 7 friendly demons
 37756 | Abyss:1  | XOM: god gift: 32 gold pieces
 37837 | Abyss:1  | XOM: god gift: box of beasts
 38011 | Abyss:1  | Reached XP level 17. HP: 171/171 MP: 21/21
 38311 | Abyss:1  | XOM: confuse monster(s)
 38320 | Abyss:1  | XOM: summons 6 friendly demons
 38344 | Abyss:1  | Noticed a tentacled starspawn
 38363 | Abyss:1  | Killed a tentacled starspawn
 38379 | Abyss:1  | XOM: enchant monster (bad)
 38410 | Abyss:1  | Noticed a Hell Sentinel
 38466 | Abyss:1  | XOM: noise
 38490 | Abyss:1  | XOM: harmless Tloc miscast
 38616 | Abyss:1  | XOM: potion effect (berserk rage)
 38659 | Abyss:1  | XOM: mild Hex miscast
 38747 | Abyss:1  | XOM: summons 4 hostile demons
 38750 | Abyss:1  | XOM: potion effect (berserk rage)
 38812 | Abyss:1  | Found a corrupted altar of Lugonu.
 38896 | Abyss:1  | XOM: polymorph small abomination -> wraith
 38916 | Abyss:1  | Lost mutation: You can translocate small distances at will. [a cacodemon]
 38925 | Abyss:1  | XOM: summons 8 hostile demons
 39005 | Abyss:1  | XOM: blink monster(s)
 39079 | Abyss:1  | XOM: destruction
 39101 | Abyss:1  | XOM: enchant monster (good)
 39124 | Abyss:1  | XOM: swap monsters
 39158 | Abyss:1  | XOM: polymorph giant orange brain -> cyclops
 39226 | Abyss:1  | XOM: cast spell 'Dragon Form'
 39372 | Abyss:1  | XOM: mild Fire miscast
 39401 | Abyss:1  | XOM: swap monsters
 39446 | Abyss:1  | XOM: vitrification
 39496 | Abyss:1  | XOM: enchant monster (good)
 39729 | Abyss:1  | Gained mutation: You regenerate slowly when monsters are visible. [a cacodemon]
 39737 | Abyss:1  | Gained mutation: [Your spells are a little easier to cast, but a little less powerful.] [a cacodemon]
 39747 | Abyss:1  | XOM: summons 5 friendly demons
 39753 | Abyss:1  | Gained mutation: You are occasionally teleported to nearby monsters. [a cacodemon]
 39777 | Abyss:1  | XOM: cast spell 'Cause Fear'
 39889 | Abyss:1  | XOM: potion effect (brilliance)
 39972 | Abyss:1  | XOM: silly message
 39979 | Abyss:1  | XOM: harmless Pois miscast
 39991 | Abyss:1  | Paralysed by you for 7 turns
 40004 | Abyss:1  | XOM: blink monster(s)
 40010 | Abyss:1  | XOM: fake destruction
 40019 | Abyss:2  | XOM: colour smoke trail
 40044 | Abyss:2  | XOM: summons 2 hostile demons
 40066 | Abyss:2  | XOM: summons 2 hostile demons
 40080 | Abyss:2  | XOM: divination: detect items
 40084 | Abyss:2  | XOM: blink monster(s)
 40085 | Abyss:2  | XOM: harmless Summ miscast
 40101 | Abyss:2  | XOM: confuse monster(s)
 40108 | Abyss:2  | Found a corrupted altar of Lugonu.
 40113 | Abyss:2  | XOM: blink monster(s)
 40117 | Abyss:2  | XOM: chaos cloud
 40189 | Abyss:3  | Found a corrupted altar of Lugonu.
 40239 | Abyss:3  | XOM: confuse monster(s)
 40265 | Abyss:3  | Reached skill level 15 in Fighting
 40298 | Abyss:3  | XOM: enchant monster (bad)
 40318 | Abyss:3  | XOM: harmless Tloc miscast
 40334 | Abyss:3  | XOM: silly message
 40369 | Abyss:3  | XOM: divination: detect creatures
 40382 | Abyss:3  | XOM: divination: magic mapping
 40417 | Abyss:3  | XOM: noise
 40503 | Abyss:3  | XOM: enchant monster (good)
 40606 | Abyss:3  | Found a corrupted altar of Lugonu.
 40662 | Abyss:3  | XOM: mild Chrm miscast
 40712 | Abyss:3  | XOM: colour smoke trail
 40765 | Abyss:3  | Gained mutation: You expend magic power (3 MP) to strengthen your wands. [a neqoxec]
 40768 | Abyss:3  | XOM: vitrification
 40774 | Abyss:3  | XOM: enchant monster (bad)
 40905 | Abyss:3  | XOM: fog
 40961 | Abyss:3  | XOM: destruction
 40967 | Abyss:3  | XOM: summons 16 friendly demons
 40990 | Abyss:3  | XOM: mild Pois miscast
 41199 | Abyss:3  | XOM: summons friendly shadow imp
 41394 | Abyss:3  | XOM: enchant monster (good)
 41447 | Abyss:3  | XOM: noise
 41466 | Abyss:3  | XOM: silly message
 41503 | Abyss:3  | XOM: divination: magic mapping
 41940 | Abyss:3  | XOM: medium Hex miscast
 42039 | Abyss:3  | XOM: blink monster(s)
 42041 | Abyss:3  | XOM: enchant monster (bad)
 42057 | Elf:3    | Escaped the Abyss
 42061 | Elf:3    | XOM: noise
 42131 | Elf:3    | Noticed Wiglaf
 42131 | Elf:3    | XOM: enchant monster (bad)
 42134 | Elf:3    | XOM: potion effect (invisibility)
 42167 | Elf:3    | Killed Wiglaf
 42169 | Elf:3    | XOM: god gift: thin steel amulet {god gift}
 42253 | Elf:3    | Noticed a Hell Sentinel
 42253 | Elf:3    | XOM: destruction
 42481 | Elf:2    | Cast into the Abyss (a deep elf demonologist)
 42484 | Abyss:1  | Noticed a profane servitor
 42490 | Abyss:1  | XOM: divination: detect items
 42493 | Abyss:1  | XOM: summons 5 friendly demons
 42504 | Abyss:1  | XOM: summons 5 friendly demons
 42511 | Abyss:1  | XOM: summons friendly quasit
 42513 | Abyss:1  | Noticed a bone dragon
 42526 | Abyss:1  | XOM: divination: detect creatures
 42532 | Abyss:1  | Noticed a bone dragon
 42535 | Abyss:1  | XOM: confuse monster(s)
 42542 | Abyss:1  | XOM: cast spell 'Summon Swarm'
 42544 | Abyss:1  | Killed a profane servitor
 42554 | Abyss:1  | XOM: summons 5 hostile shadow creatures
 42563 | Abyss:1  | Noticed a hellephant
 42593 | Abyss:1  | Got a fine cloak
 42597 | Abyss:1  | XOM: polymorph deep elf blademaster -> shadow dragon
 42601 | Abyss:1  | XOM: summons 6 friendly demons
 42643 | Abyss:1  | Noticed a tentacled monstrosity
 42650 | Abyss:1  | XOM: destruction
 42659 | Abyss:1  | XOM: fog
 42680 | Abyss:1  | XOM: summons friendly rust devil
 42712 | Abyss:1  | Gained mutation: [You tend to lose your temper in combat.] [a neqoxec]
 42713 | Abyss:1  | XOM: god gift: wand of hasting {god gift}
 42713 | Abyss:1  | Lost mutation: You can breathe flames. [a neqoxec]
 42727 | Abyss:1  | XOM: god gift: 1700 gold pieces
 42753 | Abyss:1  | XOM: divination: detect creatures
 42790 | Abyss:1  | Lost mutation: You are robust (+10% HP). [a neqoxec]
 42798 | Abyss:1  | XOM: destruction
 42805 | Abyss:1  | XOM: vitrification
 42808 | Abyss:1  | XOM: fog
 42816 | Abyss:1  | XOM: confuse monster(s)
 42870 | Abyss:1  | XOM: god gift: potion of curing
 42941 | Abyss:1  | Identified the +0 cloak "Utarihusee" {rElec rN+ Int+6 Stlth-} (You found it on level 1 of the Abyss)
 42956 | Abyss:1  | XOM: give mutation
 42956 | Abyss:1  | Gained mutation: Your flesh is cold resistant. [Xom's grace]
 42977 | Abyss:1  | Noticed a lich
 42981 | Abyss:1  | XOM: divination: detect creatures
 43229 | Abyss:2  | XOM: confuse monster(s)
 43260 | Abyss:2  | XOM: potion effect (agility)
 43266 | Abyss:2  | XOM: potion effect (haste)
 43321 | Abyss:2  | Noticed a profane servitor
 43328 | Abyss:2  | XOM: potion effect (magic)
 43331 | Abyss:2  | XOM: divination: detect items
 43332 | Abyss:2  | XOM: confuse monster(s)
 43340 | Abyss:2  | XOM: potion effect (berserk rage)
 43352 | Abyss:2  | Killed a profane servitor
 43420 | Abyss:2  | XOM: divination: magic mapping
 43429 | Abyss:2  | Reached XP level 18. HP: 48/170 MP: 6/22
 43438 | Abyss:2  | XOM: divine lightning
 43441 | Abyss:2  | HP: 6/170 [thrashing horror (8)]
 43529 | Abyss:3  | XOM: summons 9 friendly demons
 43570 | Abyss:3  | XOM: summons friendly quasit
 43704 | Abyss:3  | Noticed a bone dragon
 43722 | Abyss:3  | Got a polished chain mail
 43726 | Abyss:3  | XOM: enchant monster (bad)
 43729 | Abyss:3  | XOM: confuse monster(s)
 43745 | Abyss:3  | XOM: divination: magic mapping
 43877 | Abyss:3  | XOM: mild Fire miscast
 43886 | Abyss:3  | XOM: give mutations
 43886 | Abyss:3  | Gained mutation: You are somewhat resistant to further mutation. [Xom's grace]
 43886 | Abyss:3  | Gained mutation: You can spit weak poison. [Xom's grace]
 43903 | Abyss:3  | Identified the +8 chain mail "Zawagyro" {rF- MP+9 Str+5} (You found it on level 3 of the Abyss)
 44104 | Abyss:3  | XOM: confuse monster(s)
 44155 | Abyss:3  | XOM: polymorph angel -> holy swine
 44275 | Abyss:3  | Noticed a profane servitor
 44281 | Abyss:3  | XOM: cast spell 'Hydra Form'
 44309 | Abyss:3  | Slain by a white ugly thing

Action                   |  1- 3 |  4- 6 |  7- 9 | 10-12 | 13-15 | 16-18 || total
-------------------------+-------+-------+-------+-------+-------+-------++-------
Melee: Mace              |   135 |   118 |   467 |       |   769 |  1730 ||  3219
       Flail             |       |       |    95 |  1156 |       |       ||  1251
       Unarmed           |       |       |     2 |       |    25 |     6 ||    33
       Morningstar       |       |       |       |   136 |  1768 |       ||  1904
       Demon whip        |       |       |       |       |       |   934 ||   934
Throw: Throwing net      |       |       |       |       |     1 |       ||     1
 Cast: Repel Missiles    |       |       |       |       |     4 |     6 ||    10
       Blink             |       |       |       |       |       |     5 ||     5
 Abil: Evoke Berserk Rag |       |       |       |     2 |     1 |     2 ||     5
Evoke: Rod               |       |     5 |    24 |    41 |    32 |    13 ||   115
  Use: Potion            |       |     2 |       |     3 |     1 |     7 ||    13
       Scroll            |       |     9 |     7 |    14 |     8 |    22 ||    60
 Stab: Petrifying        |       |     1 |       |       |       |     1 ||     2
       Confused          |       |       |     3 |     2 |       |    19 ||    24
       Paralysed         |       |       |     2 |     6 |     5 |     2 ||    15
       Sleeping          |       |       |     1 |       |       |       ||     1
       Distracted        |       |       |     3 |    13 |    14 |     5 ||    35
       Invisible         |       |       |       |     2 |    14 |    10 ||    26
       Petrified         |       |       |       |     2 |       |       ||     2
  Eat: Chunk             |     3 |     6 |    24 |    46 |    61 |    28 ||   168
       Beef jerky        |       |     1 |       |       |       |     9 ||    10
       Pizza             |       |       |     2 |     1 |       |     8 ||    11
       Bread ration      |       |       |     2 |       |       |     1 ||     3
       Meat ration       |       |       |       |     1 |       |       ||     1
       Royal jelly       |       |       |       |       |       |     3 ||     3
